 Dungeon Crawl Stone Soup version 0.28-a0-1638-g9123634e07 (webtiles) character file.

Game seed: 13140393217702377795

44 HallandMoats the Ruffian (level 3, 33/33 HPs)
             Began as a Ghoul Monk on Jan 25, 2022.
             Was a Believer of Vehumet.
             Safely got out of the dungeon.
             The game lasted 00:03:16 (1111 turns).

HallandMoats the Ruffian (Ghoul Monk)               Turns: 1111, Time: 00:03:16

Health: 33/33      AC:  5    Str: 16    XL:     3   Next: 62%
Magic:  2/2        EV: 11    Int:  5    God:    Vehumet [**....]
Gold:   85         SH:  0    Dex: 11    Spells: 2/2 levels left

rFire   . . .      SeeInvis .     - Unarmed
rCold   + . .      Faith    .   (no shield)
rNeg    + + +      Spirit   .   c - +0 ring mail
rPois   ∞          Reflect  .   (no helmet)
rElec   .          Harm     .   (no cloak)
rCorr   .          Rampage  .   (no gloves)
Will    .....                   (no boots)
Stlth   +.........              (no amulet)
HPRegen 0.11/turn               (no ring)
MPRegen 0.08/turn               (no ring)

@: no status effects
A: claws 1, cold resistance 1, negative energy resistance 3, inhibited
regeneration, torment resistance 2
a: Renounce Religion


You escaped.
You worshipped Vehumet.
Vehumet was pleased with you.
You visited 1 branch of the dungeon, and saw 2 of its levels.

You collected 85 gold pieces.

Inventory:

Armour
 c - a +0 ring mail (worn)
Jewellery
 l - a +4 ring of evasion
Scrolls
 b - 2 scrolls of identify {unknown}
 d - a scroll of enchant armour {unknown}
 f - a scroll of enchant weapon {unknown}
 j - a scroll of blinking {unknown}
 k - 2 scrolls of summoning {unknown}
Potions
 a - a potion of cancellation {unknown}
 e - a potion of lignification {unknown}
 g - a potion of brilliance {unknown}
 h - a potion of flight {unknown}
 i - 2 potions of degeneration {unknown}


   Skills:
 + Level 3.7 Fighting
 + Level 0.8 Armour
 + Level 2.9 Dodging
 - Level 2.1 Stealth
 * Level 3.9 Unarmed Combat
 * Level 1.1 Invocations


You had 2 spell levels left.
You didn't know any spells.
Your spell library was empty.

Dungeon Overview and Level Annotations

Branches:
Dungeon (2/15)

Altars:
Vehumet


Innate Abilities, Weirdness & Mutations

You thrive by killing the living.
You are immune to poison.
You have sharp fingernails.
Your flesh is cold resistant. (rC+)
You are immune to negative energy. (rN+++)
You do not regenerate when monsters are visible.
You are immune to unholy pain and torment.


Message History

You barely miss the dart slug.
The dart slug is heavily wounded.
You scratch the dart slug.
The dart slug is heavily wounded.
The dart slug launches a dart at you. The slug dart misses you.
You scratch the dart slug but do no damage.
The dart slug is heavily wounded.
The dart slug completely misses you.
You scratch the dart slug.
The dart slug is almost dead.
You scratch the dart slug.
You kill the dart slug!
No target in view!
No target in view!
Found a blue potion.
Found a faded altar of an unknown god.
There is a faded altar of an unknown god here.
You cannot tell which god this altar belongs to.
Convert to them anyway?
Vehumet accepts your prayer! Vehumet welcomes you!
You can now gain magical power from killing.
Vehumet offers you knowledge of Magic Dart.
(D) Dungeon
Where to? (Enter - D:2, ? - help)
What level of the Dungeon? (default 1, ? - help)
There is a dry fountain here.
Found 14 gold pieces.
There is a stone staircase leading up here.
You climb upwards.
There is a stone staircase leading down here.
You see here a +0 whip.
There is a fountain of clear blue water here.
There is an escape hatch in the floor here.
There is a fountain of clear blue water here.
There is an open door here.
There is an open door here.
There is a staircase leading out of the dungeon here.
Are you sure you want to leave the Dungeon?
This will make you lose the game!
You have escaped!

###...####.####...###
##.......##'##.......##
#.........#.#.........#
#.........'.'.........#
#.........#.#.........#
##.......##'##.......##
###...###...###...###
######.....######
#..@..# ##...## #####


There were no monsters in sight!

Vanquished Creatures
  A dart slug (D:2)
  An orc (D:2)
  4 bats
  4 endoplasms
  3 giant cockroaches
  2 goblins
  5 hobgoblins
  2 quokkas (D:2)
  A ball python (D:2)
  3 frilled lizards
  6 kobolds
  5 rats
37 creatures vanquished.

Vanquished Creatures (others)
  2 fungi (D:2)
  A plant (D:2)
3 creatures vanquished.

Grand Total: 40 creatures vanquished

Notes
Turn   | Place    | Note
-------+----------+-------------------------------------------
     0 | D:1      | HallandMoats the Ghoul Monk began the quest for the Orb.
     0 | D:1      | Reached XP level 1. HP: 19/19 MP: 0/0
   109 | D:1      | Reached XP level 2. HP: 23/26 MP: 1/1
   551 | D:2      | Reached XP level 3. HP: 33/33 MP: 2/2
   873 | D:2      | Reached skill level 1 in Invocations
   979 | D:2      | Found a faded altar of an unknown god.
   984 | D:2      | Prayed at the altar of an unknown god.
   984 | D:2      | Became a worshipper of Vehumet
   984 | D:2      | Reached * piety under Vehumet
   984 | D:2      | Offered knowledge of Magic Dart by Vehumet.
   984 | D:2      | Reached ** piety under Vehumet
  1111 | D:$      | Safely got out of the dungeon.

Illustrated notes

Levels and vault maps discovered:
D:1:      dpeg_arrival_three_bigger_balls, layout_basic, kennysheep_doodads
D:2:      layout_basic, shapermc_ecumenical_altar_acropolis

Skill      XL: |  1  2  3 |
---------------+----------+-----
Invocations    | 1 |  1.1
Fighting       | |  3.7
Armour         | |  0.8
Dodging        | |  2.9
Stealth        | |  2.1
Unarmed Combat | |  3.9

Action                   || total
-------------------------++-------
Melee: Unarmed           ||   126
       Punch             ||     1
 Stab: Sleeping          ||     1
Armor: Ring mail         ||    43
Dodge: Dodged            ||    70

Table legend: (Time is in decaauts)
 A = Elapsed time spent in this place.
 B = Non-inter-level travel time spent in this place.
 C = Inter-level travel time spent in this place.
 D = Time resting spent in this place.
 E = Time spent auto-exploring this place.
 F = Levels seen in this place.
 G = Mean time per level.
                   A        B        C        D        E       F      G
               +--------+--------+--------+--------+--------+-----+--------+
         Total |   1103 |    973 |    130 |      0 |    690 |   2 |  551.5 |
       Dungeon |   1103 |    973 |    130 |      0 |    690 |   2 |  551.5 |
               +--------+--------+--------+--------+--------+-----+--------+

Top non-repeatable levels by time:
     D:1: 584 daAuts
     D:2: 519 daAuts
